 Dungeon Crawl Stone Soup version 0.31-a0-431-g88bdf31460 (webtiles) character file.

Game seed: 10405280001230447299

2038 Dirtsage the Mimic (level 9, -1/54 (56) HPs)
             Began as an Octopode Shapeshifter on Aug 1, 2023.
             Was a Follower of the Shining One.
             Slain by a wight
             ... wielding a +2 dagger of freezing
              (2 damage)
             ... on level 7 of the Dungeon.
             The game lasted 00:13:59 (6502 turns).

Dirtsage the Mimic (Octopode Shapeshifter)          Turns: 6502, Time: 00:14:00

HP:   -1/54 (56)    AC:  1    Str: 16    XL:     9   Next: 24%
MP:   9/9           EV: 13    Int: 13    God:    the Shining One [*.....]
Gold: 376           SH:  5    Dex: 12    Spells: 8/8 levels left

rFire   . .          .
                       - Unarmed
rCold   . . .        (no shield)
rNeg    . . .        (helmet restricted)
rPois   .            n - amulet of reflection
rElec   .            (no ring)
rCorr   .            (no ring)
SInv    .            (no ring)
Will    .....        (no ring)
Stlth   +            (no ring)
HPRegen 0.29/turn    (no ring)
MPRegen 0.11/turn    (no ring)
                     (no ring)

%: reflection
@: maw-form, glowing, drained
A: devouring maw, reduced hp, almost no armour, amphibious, 8 rings, camouflage
1, gelatinous body 1, (nimble swimmer 1), tentacles
a: Begin Untransformation, Renounce Religion, Divine Shield


You were on level 7 of the Dungeon.
You worshipped the Shining One.
The Shining One was aware of your devotion.
You were a creature with a mouth for a stomach.
You visited 2 branches of the dungeon, and saw 8 of its levels.
You also visited: Ossuary.

You collected 376 gold pieces.

Inventory:

Missiles
 o - 6 silver javelins
Magical Staves
 a - a staff of air
Jewellery
 n - an amulet of reflection (around mantle)
Talismans
 b - a beast talisman
 m - a maw talisman (active)
Wands
 r - a wand of polymorph (13)
 u - a wand of iceblast (2)
Scrolls
 c - 2 scrolls of poison
 e - a scroll of vulnerability
 j - a scroll of revelation
 l - a scroll of acquirement {unknown}
 p - a scroll of torment {unknown}
 s - 2 scrolls of blinking {unknown}
 w - 2 scrolls of fog {unknown}
 y - a scroll of fear {unknown}
Potions
 d - a potion of cancellation {unknown}
 f - 5 potions of curing {unknown}
 h - 2 potions of mutation {unknown}
 k - 6 potions of heal wounds {unknown}
 q - a potion of ambrosia {unknown}
 t - a potion of might {unknown}
 v - 2 potions of haste {unknown}
 x - a potion of experience {unknown}
 z - a potion of resistance {unknown}
 A - a potion of magic {unknown}


   Skills:
 + Level 4.3 Fighting
 - Level 2.0 Dodging
 - Level 6.2 Unarmed Combat
 * Level 8.6 Shapeshifting


You had 8 spell levels left.
You didn't know any spells.
Your spell library contained the following spells:

 Spells                   Type           Power      Damage    Failure   Level
 Sting                    Tmut/Pois      0%         1d3       30%         1
 Cigotuvi's Dreadful Rot  Necr/Pois/Air  0%         N/A       43%         2
 Poisonous Vapours        Pois/Air       0%         N/A       43%         2
 Ozocubu's Armour         Ice            0%         N/A       67%         3
 Dispel Undead            Necr           0%         3d6       97%         4
 Olgreb's Toxic Radiance  Pois           0%         N/A       97%         4
 Death Channel            Necr           0%         N/A       100%        6
 Ozocubu's Refrigeration  Ice            0%         4d7       100%        7


Dungeon Overview and Level Annotations

Branches:
Dungeon (7/15)             Temple (1/1) D:5         Ossuary (visited)

Altars:
Ashenzari
Cheibriados
Elyvilon
Fedhas
Gozag
Hepliaklqana
Kikubaaqudgha
Makhleb
Ru
Sif Muna
Uskayaw
Vehumet
Wu Jian
Xom
Yredelemnul
Zin
The Shining One

Shops:
D:1 (   D:3 *

Annotations:
D:3 2 transporters
D:4 2 runed translucent doors, MrCrawl's ghost, novice TeFE


Innate Abilities, Weirdness & Mutations

You are a creature with a mouth for a stomach.
Your midsection houses a second, enormous mouth.
Your maximum health is decreased, since you lack skill for your form.
You cannot wear most types of armour.
You are amphibious.
You can wear up to eight rings at the same time.
Your skin changes colour to match your surroundings (Stealth+).
Your rubbery body absorbs attacks. (AC +1, EV +1)
((You are camouflaged when in or above water. (Stealth+)))
You have tentacles for arms and can constrict up to eight enemies at once.


Message History

You constrict the wight. The wight closely misses you.
The wight hits you with a +0 spear!
You feel drained.
You take 10 damage, and have 31/52 hp.
You release your grip on the wight.
The wight barely misses you.
The wight hits you with a +2 dagger of freezing!
You feel drained. The wight freezes you.
There is an empty arch of ancient stone here.
You take 11 damage, and have 20/51 hp.
MASSIVE DAMAGE!!
The wight closely misses you.
You tentacle-slap the wight. You grab the wight. You bite the wight.
The wight is heavily damaged.
You constrict the wight, but do no damage.
The wight closely misses you. x2
You tentacle-slap the wight.
The wight is severely damaged.
You constrict the wight. The wight barely misses you.
The wight closely misses you.
You tentacle-slap the wight but do no damage.
You squeeze the wight.
You destroy the wight!
The Shining One accepts your kill.
The wight hits you from afar with a +0 spear!
* * * LOW HITPOINT WARNING * * *
You take 11 damage, and have 11/52 hp.
MASSIVE DAMAGE!!
As you read the scroll of summoning, it crumbles to dust.
Wisps of shadow whirl around you... The wight barely misses you.
You swap places.
The wight barely misses you.
You bludgeon the wight!
You destroy the wight!
The Shining One accepts your kill.
You feel better.
You tentacle-slap the wight. You grab the wight.
The wight is moderately damaged.
You constrict the wight, but do no damage.
The wight hits you with a +2 dagger of freezing!
* * * LOW HITPOINT WARNING * * *
You feel drained.
* * * LOW HITPOINT WARNING * * *
The wight freezes you.
You die...

#.## #..<.....# ##...
#..........
#...###........#.
.####................
.....................
.....................
....########z########
... #z# .. ###W###


##hFKKK## #8.KKKK8# ##..K..## ####### You could see 2 wights, a friendly kobold
brigand (summoned), a friendly bullfrog (summoned), a friendly hound (summoned)
and 7 friendly kobolds.

Vanquished Creatures
  Grinder (D:3)
  Sigmund (D:4)
  A steam dragon (D:6)
  2 sky beasts
  An ogre (D:5)
  3 centaurs
  2 phantoms (D:6)
  2 wights (D:7)
  A howler monkey (D:6)
  2 centaur zombies (Ossuary)
  8 hounds
  2 orc priests
  A gnoll bouda (D:3)
  Jessica (D:3)
  2 iguanas (D:6)
  Ijyb (D:4)
  Terence (D:3)
  An orc wizard (D:6)
  4 mummies (Ossuary)
  2 adders
  8 gnolls
  3 worms
  2 dart slugs
  5 orcs
  4 bats
  11 endoplasms
  6 giant cockroaches
  6 goblins
  4 hobgoblins
  A quokka (D:5)
  7 ball pythons
  6 frilled lizards
  5 hobgoblin zombies (Ossuary)
  4 kobolds
  4 rats
115 creatures vanquished.

Notes
Turn   | Place    | Note
-------+----------+-------------------------------------------
     0 | D:1      | Dirtsage the Octopode Shapeshifter began the quest for the
                  | Orb.
     0 | D:1      | Reached XP level 1. HP: 13/13 MP: 1/1
   143 | D:1      | Reached XP level 2. HP: 18/18 MP: 2/2
   231 | D:1      | Found Tosocaz's Weapon Boutique.
   237 | D:1      | You fall into a shaft and drop 1 floor!
   467 | D:2      | Reached XP level 3. HP: 20/23 MP: 3/3
   839 | D:1      | Found a faded altar of an unknown god.
   874 | D:1      | Reached XP level 4. HP: 28/28 MP: 4/4
  1867 | D:3      | Found a transporter.
  1876 | D:3      | Noticed Jessica
  1885 | D:3      | Killed Jessica
  1886 | D:3      | Reached skill level 4 in Shapeshifting
  1996 | D:3      | Found a transporter.
  2371 | D:3      | Noticed Terence
  2386 | D:3      | Killed Terence
  2387 | D:3      | Reached XP level 5. HP: 18/33 MP: 5/5
  2449 | D:3      | Noticed Grinder
  2659 | D:3      | Killed Grinder
  2660 | D:3      | Reached skill level 5 in Unarmed Combat
  2660 | D:3      | Reached XP level 6. HP: 20/38 MP: 6/6
  2660 | D:3      | Found Gozag's Platinum Reserve.
  2660 | D:3      | Found an opulent altar of Gozag.
  3126 | D:3      | Reached skill level 5 in Shapeshifting
  3449 | D:4      | Noticed Sigmund
  3469 | D:4      | Killed Sigmund
  3470 | D:4      | Reached XP level 7. HP: 43/43 MP: 7/7
  3676 | D:4      | Found a runed translucent door.
  3687 | D:4      | Noticed MrCrawl's ghost (novice TeFE)
  3907 | D:4      | Noticed Ijyb
  3918 | D:4      | Killed Ijyb
  4066 | D:4      | Found a runed translucent door.
  4259 | D:4      | Found a broken altar of Ashenzari.
  4742 | D:5      | Entered Level 5 of the Dungeon
  4767 | D:5      | Reached skill level 6 in Shapeshifting
  4953 | D:5      | Found a staircase to the Ecumenical Temple.
  4958 | Temple   | Entered the Ecumenical Temple
  4966 | Temple   | Became a worshipper of the Shining One
  5138 | D:5      | Found a white marble altar of Elyvilon.
  5138 | D:5      | Found a hide-covered altar of Uskayaw.
  5297 | D:5      | Reached XP level 8. HP: 18/48 MP: 8/8
  5650 | D:6      | Reached skill level 7 in Shapeshifting
  5807 | D:6      | Identified the +1 robe of Anaesthesia {Fly Will+}
  5851 | D:6      | Reached skill level 8 in Shapeshifting
  5917 | D:6      | Reached XP level 9. HP: 41/58 MP: 9/9
  6184 | D:7      | Found a sand-covered staircase.
  6193 | Ossuary  | Entered an ossuary
  6272 | Ossuary  | Reached * piety under the Shining One
  6502 | D:7      | HP: 1/54 [wight/+2 dagger of freezing (3)]
  6502 | D:7      | Slain by a wight

Illustrated notes

Levels and vault maps discovered:
D:1:      lemuel_arrival_cross, layout_basic, serial_shops, shop,
          ebering_ecumenical_altar_rust, dk_noncrumbling_3,
          minmay_misc_feat_diagonals, minmay_pentomino_q2
D:2:      layout_basic
D:3:      gammafunk_wand_slinger, layout_loops_ring,
          nicolae_gozag_zags_fifth_avenue, uniq_grinder, uniq_terence,
          uniq_jessica
D:4:      layout_layer_cave, lemuel_tele_altar, ebering_ghost_sewer_f,
          uniq_sigmund, uniq_ijyb
D:5:      layout_loops_ring, mainiacjoe_overflow_large_starburst, temple_doors_e
D:6:      layout_rooms
D:7:      layout_cave_pools, chequers_ossuary_entry_cave,
          uniq_crazy_yiuf_cottage, uniq_duvessa, uniq_prince_ribbit1,
          uniq_joseph, uniq_maggie
Temple:   nicolae_temple_bog_church

Skill      XL: |  1  2  3  4  5  6  7  8  9 |
---------------+----------------------------+-----
Unarmed Combat | 4 5 6 |  6.2
Shapeshifting  | 4 5 6 8 |  8.6
Fighting       | 3 4 |  4.3
Dodging        | |  2.0

Action                     |  1- 3 |  4- 6 |  7- 9 || total
---------------------------+-------+-------+-------++-------
  Melee: Unarmed           |    50 |    78 |   123 ||   251
         Constrict         |    14 |    16 |    21 ||    51
         Tentacles         |    10 |    17 |    35 ||    62
         Punch             |       |     3 |     8 ||    11
         Maw               |       |       |    22 ||    22
  Throw: Javelin           |       |       |     1 ||     1
    Use: Scroll            |       |     1 |     4 ||     5
         Potion            |       |     1 |       ||     1
   Stab: Sleeping          |     7 |     9 |       ||    16
 Armour: Skin              |     6 |     7 |     9 ||    22
  Dodge: Dodged            |    38 |    23 |    55 ||   116
  Block: Other             |       |     8 |    15 ||    23
         Reflection        |       |     5 |     1 ||     6
   Form: Maw               |       |       |     2 ||     2
         Beast             |       |       |     1 ||     1

Table legend: (Time is in decaauts)
 A = Elapsed time spent in this place.
 B = Non-inter-level travel time spent in this place.
 C = Inter-level travel time spent in this place.
 D = Time resting spent in this place.
 E = Time spent auto-exploring this place.
 F = Levels seen in this place.
 G = Mean time per level.
                   A        B        C        D        E       F      G
               +--------+--------+--------+--------+--------+-----+--------+
         Total |   6480 |   6234 |    246 |    492 |   4739 |   9 |  720.0 |
       Dungeon |   6207 |   5968 |    239 |    331 |   4706 |   7 |  886.7 |
        Temple |     16 |      9 |      7 |      0 |      0 |   1 |   16.0 |
       Ossuary |    255 |    255 |      0 |    161 |     33 |   1 |  255.0 |
               +--------+--------+--------+--------+--------+-----+--------+

Top non-repeatable levels by time:
     D:4: 1651 daAuts
     D:3: 1215 daAuts
     D:2: 1019 daAuts
     D:5: 860 daAuts
     D:1: 846 daAuts
     D:6: 554 daAuts
 Ossuary: 255 daAuts
     D:7: 60 daAuts
  Temple: 16 daAuts
